 Dungeon Crawl Stone Soup version 0.28.0 (webtiles) character file.

Game seed: 16996691017098653258

458 Acheron the Ruffian (level 6, -1/59 HPs)
             Began as a Troll Hunter on Feb 16, 2022.
             Was a Plaything of Xom.
             Slain by Ijyb (5 damage)
             ... on level 3 of the Dungeon.
             The game lasted 00:10:50 (1914 turns).

Acheron the Ruffian (Troll Hunter)                  Turns: 1914, Time: 00:10:50

Health: -1/59      AC:  0    Str: 21    XL:     6   Next: 77%
Magic:  6/6        EV: 10    Int:  7    God:    Xom [...*..]
Gold:   175        SH:  0    Dex: 12    Spells: 7/7 levels left

rFire   . . .      SeeInvis .     - Unarmed
rCold   . . .      Faith    .   (no shield)
rNeg    . . .      Spirit   .   b - +0 robe
rPois   .          Reflect  .   (helmet restricted)
rElec   .          Harm     .   (no cloak)
rCorr   .          Rampage  .   (gloves unavailable)
Will    .....                   (boots unavailable)
Stlth   ++........              (no amulet)
HPRegen 0.99/turn               (no ring)
MPRegen 0.10/turn               (no ring)

@: corroded
A: large, unfitting armour, claws 3, regeneration 1, shaggy fur 1, tough skin 1
a: Renounce Religion


You were on level 3 of the Dungeon.
You worshipped Xom.
You were a favourite toy of Xom.
You visited 1 branch of the dungeon, and saw 4 of its levels.
You also visited: Sewer.

You collected 175 gold pieces.

Inventory:

Hand Weapons
 a - a +0 short sword
Missiles
 c - 5 large rocks (quivered)
 d - 2 throwing nets
 f - 22 sling bullets
 g - 2 boomerangs
 h - 39 stones
 l - 6 poisoned darts
 n - 5 boomerangs of dispersal
Armour
 b - a +0 robe (worn)
Scrolls
 k - a scroll of identify
 o - a scroll of acquirement {unknown}
 p - 2 scrolls of fog {unknown}
 q - a scroll of blinking {unknown}
 r - a scroll of fear {unknown}
 t - a scroll of amnesia {unknown}
Potions
 e - 6 potions of curing
 i - a potion of mutation {unknown}
 j - a potion of flight {unknown}
 m - 2 potions of brilliance
 s - 2 potions of lignification {unknown}


   Skills:
 * Level 2.4 Fighting
 + Level 4.0 Throwing
 * Level 2.8 Dodging
 * Level 1.3 Stealth
 * Level 4.4 Unarmed Combat
 * Level 1.0 Spellcasting


You had 7 spell levels left.
You didn't know any spells.
Your spell library was empty.

Dungeon Overview and Level Annotations

Branches:
Dungeon (4/15)              Sewer (visited)
 Temple: D:4-7

Altars:
Xom

Shops:
D:1 (

Annotations:
D:3 1 runed translucent door, Ijyb; solaroid's ghost, amateur MiFi


Innate Abilities, Weirdness & Mutations

You are too large for most types of armour.
You have claws for hands.
Your natural rate of healing is unusually fast.
You are covered in fur. (AC +1)
You have tough skin. (AC +1)


Message History

The bat hits you but does no damage. The bat hits you but does no damage.
You claw the bat!
You kill the bat!
Ijyb the Twisted Goblin comes into view.
She is wielding a +0 club and carrying a wand of acid (14).
Ijyb shouts!
Ijyb zaps a wand.
The bolt of acid misses you.
You scratch Ijyb.
Ijyb is lightly wounded.
Ijyb screams, "Level is mine!
All mine!"
Ijyb hits you with a +0 club.
You barely miss Ijyb.
Ijyb is lightly wounded.
Ijyb hits you with a +0 club.
You closely miss Ijyb.
Ijyb is lightly wounded.
You scratch Ijyb.
Ijyb is lightly wounded.
Ijyb screams, "I no like you!" Ijyb barely misses you.
You scratch Ijyb but do no damage. You claw Ijyb, but do no damage.
Ijyb is lightly wounded.
Ijyb screams, "Me stronger than you!"
Ijyb zaps a wand.
The bolt of acid hits you!!!
Ouch! That really hurt!
You closely miss Ijyb.
Ijyb is lightly wounded.
Ijyb hits you with a +0 club.
You closely miss Ijyb.
Ijyb is lightly wounded.
Ijyb hits you with a +0 club.
You barely miss Ijyb.
Ijyb is lightly wounded.
Ijyb zaps a wand.
The bolt of acid hits you!
* * * LOW HITPOINT WARNING * * *
The acid corrodes you!
You scratch Ijyb but do no damage.
Ijyb is lightly wounded.
Ijyb hits you with a +0 club.
You die...

# #
....####################
#
......g@................
#
....#########....#######
# . #........... #
######....####### #
..........# # ####.<..##
#.# #........## # #.#
#..##......## # # #.# #.
#....#..####


You could see Ijyb.

Vanquished Creatures
  A water moccasin (Sewer)
  A necrophage (D:4)
  A bullfrog (D:4)
  A scorpion (D:4)
  An orc priest (D:4)
  A hound skeleton (D:4)
  4 adders
  A river rat (D:4)
  A worm (D:4)
  A dart slug (D:1)
  4 orcs
  3 ball pythons
  6 bats
  5 endoplasms
  4 giant cockroaches
  4 goblins
  2 hobgoblins (D:1)
  3 jackals (Sewer)
  5 kobolds
  A quokka (D:4)
  3 frilled lizards
  6 rats
  A spectral kobold (D:1)
60 creatures vanquished.

Notes
Turn   | Place    | Note
-------+----------+-------------------------------------------
     0 | D:1      | Acheron the Troll Hunter began the quest for the Orb.
     0 | D:1      | Reached XP level 1. HP: 19/19 MP: 0/0
    82 | D:1      | Reached XP level 2. HP: 28/28 MP: 1/1
   375 | D:1      | Found a faded altar of an unknown god.
   389 | D:1      | Prayed at the altar of an unknown god.
   389 | D:1      | Became a worshipper of Xom the Elder Chaos God
   411 | D:1      | XOM: silly message
   567 | D:1      | Found Adourety's Antique Weapon Shoppe.
   646 | D:1      | Reached skill level 1 in Unarmed Combat
   767 | D:2      | XOM: silly message
   771 | D:2      | Reached XP level 3. HP: 35/35 MP: 2/2
  1013 | D:2      | XOM: silly message
  1081 | D:2      | XOM: silly message
  1359 | D:3      | Found a runed translucent door.
  1361 | D:3      | Noticed solaroid's ghost (amateur MiFi)
  1406 | D:4      | Reached XP level 4. HP: 42/42 MP: 3/3
  1412 | D:4      | Reached skill level 1 in Stealth
  1429 | D:4      | Noticed a scorpion
  1432 | D:4      | XOM: enchant monster (bad)
  1439 | D:4      | Killed a scorpion
  1440 | D:4      | Reached XP level 5. HP: 43/49 MP: 4/4
  1536 | D:4      | XOM: cast spell 'Necromutation'
  1546 | D:4      | Found a glowing drain.
  1550 | Sewer    | Entered a sewer
  1582 | Sewer    | Noticed a water moccasin
  1641 | Sewer    | XOM: god gift: 15 gold pieces
  1660 | Sewer    | Killed a water moccasin
  1661 | Sewer    | Reached XP level 6. HP: 55/57 MP: 4/6
  1761 | D:4      | XOM: scenery: create altars
  1804 | D:4      | Reached skill level 1 in Spellcasting
  1901 | D:3      | Noticed Ijyb
  1914 | D:3      | Slain by Ijyb

Illustrated notes

Levels and vault maps discovered:
D:1:      beargit_arrival_greenhouse, layout_basic,
          dreamdust_ecumenical_altar_drowned_temple, serial_shops, shop
D:2:      layout_basic, kennysheep_generic_room_13
D:3:      layout_rooms, mainiacjoe_overflow_surrounded_room,
          ebering_ghost_reflecting_pool, uniq_ijyb
D:4:      layout_basic, mainiacjoe_overflow_boulevard,
          minmay_temple_entry_fiery, gup_sewer_entry_spiral

Skill      XL: |  1  2  3  4  5  6 |
---------------+-------------------+-----
Throwing       | 4 |  4.0
Unarmed Combat | 1 2 3 4 |  4.4
Dodging        | 2 |  2.8
Stealth        | 1 |  1.3
Fighting       | 2 |  2.4
Spellcasting   | 1 |  1.0

Action                   |  1- 3 |  4- 6 || total
-------------------------+-------+-------++-------
Melee: Unarmed           |   124 |    83 ||   207
       Short sword       |     6 |       ||     6
       Punch             |       |     5 ||     5
  Use: Scroll            |     3 |     1 ||     4
 Stab: Sleeping          |     3 |       ||     3
Armor: Robe              |    44 |    34 ||    78
Dodge: Dodged            |    68 |    41 ||   109
